 Dungeon Crawl Stone Soup version 0.30.0-10-gfe55d96785 (webtiles) character file.

Game seed: 13023993656103069743

86218 Esekla the Thaumaturge (level 15, -4/79 HPs)
             Began as a Vine Stalker Warper on May 13, 2023.
             Was a High Priest of Vehumet.
             Killed from afar by a fire dragon (45 damage)
             ... with a blast of flame
             ... on level 14 of the Dungeon.
             The game lasted 02:53:19 (21233 turns).

Esekla the Thaumaturge (Vine Stalker Warper)       Turns: 21233, Time: 02:53:20

Health: -4/79      AC: 11    Str: 20    XL:     15   Next: 86%
Magic:  0/31       EV: 15    Int: 25    God:    Vehumet [*****.]
Gold:   2065       SH: 17    Dex: 23    Spells: 9/37 levels left

rFire   . . .        a - +10 dagger of Dismemberment {venom, *Noise rC+ Dex+5 Stlth+}
rCold   + . .        C - +0 kite shield
rNeg    . . .        l - +2 robe {Archmagi}
rPois   +            Z - +1 hat
rElec   .            d - +2 cloak
rCorr   .            t - +0 pair of gloves
SInv    .            E - +0 pair of boots
Will    +....        u - amulet of Rinn {Reflect Dex+3 Slay+3 SH+5}
Stlth   ++++++       M - +6 ring of strength
HPRegen 1.13/turn    h - ring "Piebbuirphi" {rPois Int+6}
MPRegen 0.22/turn

%: reflection, guardian spirit, archmagi
@: wereblooded, studying Dodging
A: fangs 3, regeneration 1, magic shield, antimagic bite, no potion heal 2
a: Renounce Religion


You were on level 14 of the Dungeon.
You worshipped Vehumet.
Vehumet was extremely pleased with you.
You visited 4 branches of the dungeon, and saw 22 of its levels.
You also visited: Bailey and Ice Cave.

You collected 2773 gold pieces.
You spent 708 gold pieces at shops.

Inventory:

Hand Weapons
 a - the +10 dagger of Dismemberment (weapon) {venom, *Noise rC+ Dex+5 Stlth+}
   (You found it on level 2 of the Dungeon)

   Dex:       It affects your dexterity (+5).
   rC:        It protects you from cold.
   *Noise:    It may make noises in combat.
   Stlth:     It makes you more stealthy.
 f - a +2 scimitar of flaming
 r - a +5 vampiric spear
 z - a +4 long sword of freezing
Missiles
 c - 5 boomerangs
 p - 6 curare-tipped darts
 y - 4 javelins
 P - 21 poisoned darts (quivered)
Armour
 d - a +2 cloak (worn)
 k - a +1 robe of resistance
 l - a +2 robe of the Archmagi (worn)
 t - a +0 pair of gloves (worn)
 C - a +0 kite shield (worn)
 E - a +0 pair of boots (worn)
 X - a +0 troll leather armour
 Z - a +1 hat (worn)
Jewellery
 h - the ring "Piebbuirphi" (right hand) {rPois Int+6}
   (You found it in an ice cave)

   [ring of intelligence]

   Int:       It affects your intelligence (+6).
   rPois:     It protects you from poison.
 u - the amulet of Rinn (around neck) {Reflect Dex+3 Slay+3 SH+5}
   (You found it in an ice cave)

   [amulet of reflection]

   It reflects blocked missile attacks.
   Dex:       It affects your dexterity (+3).
   Slay:      It affects your accuracy & damage with ranged weapons and melee
   (+3).
   SH:        It affects your SH (+5).
 L - an amulet of regeneration
 M - a +6 ring of strength (left hand)
 O - a ring of ice
 U - a ring of resist corrosion
Wands
 K - a wand of flame (32)
 N - a wand of iceblast (5)
 Q - a wand of digging (10)
 R - a wand of charming (3)
 S - a wand of mindburst (8)
Scrolls
 b - 5 scrolls of fog
 e - 10 scrolls of teleportation
 g - 2 scrolls of butterflies
 i - 6 scrolls of magic mapping
 n - 3 scrolls of acquirement
 o - 4 scrolls of poison
 w - 2 scrolls of enchant armour
 B - a scroll of brand weapon
 I - 2 scrolls of fear
 T - 3 scrolls of silence
 V - 3 scrolls of enchant weapon
 Y - a scroll of blinking
Potions
 m - 2 potions of flight
 q - 5 potions of brilliance
 s - 2 potions of lignification
 v - 6 potions of attraction
 x - 8 potions of curing
 A - a potion of resistance
 D - 2 potions of might
 F - 2 potions of magic
 G - 2 potions of invisibility
 H - 2 potions of cancellation
 J - a potion of experience
 W - a potion of haste
Miscellaneous
 j - a lightning rod (4/4)


   Skills:
 * Level 9.0 Fighting
 * Level 10.4(10.6) Short Blades
 + Level 2.4(7.1) Long Blades
 + Level 4.2 Throwing
 * Level 5.2 Armour
 + Level 6.0 Dodging
 + Level 9.4 Stealth
 * Level 6.2 Shields
 * Level 11.7 Spellcasting
 + Level 6.6 Conjurations
 + Level 4.1 Translocations
 + Level 4.9 Transmutations
 + Level 6.2 Fire Magic
 + Level 8.1 Ice Magic
 * Level 7.9 Air Magic


You had 9 spell levels left.
You knew the following spells:

 Your Spells              Type           Power      Damage    Failure   Level
a - Ozocubu's Armour      Ice            70%        N/A       1%          3
b - Blink                 Tloc           100%       N/A       2%          2
h - Vhi's Electric Charg  Tloc/Air       100%       N/A       2%          3
j - Arcjolt               Conj/Air       33%        1d43      3%          5
p - Apportation           Tloc           100%       N/A       1%          1
r - Frozen Ramparts       Ice            100%       1d16      1%          3
w - Wereblood             Tmut           56%        N/A       1%          2
y - Sticky Flame          Conj/Fire      63%        2d8       1%          4
z - Freezing Cloud        Conj/Ice/Air   34%        6-21      3%          5

Your spell library contained the following spells:

 Spells                   Type           Power      Damage    Failure   Level
 Beastly Appendage        Tmut           100%       N/A       1%          1
 Freeze                   Ice            100%       1d10      1%          1
 Momentum Strike          Conj/Tloc      100%       3d10      1%          2
 Hailstorm                Conj/Ice       67%        3d14      1%          3
 Stone Arrow              Conj/Erth      94%        3d12      1%          3
 Lesser Beckoning         Tloc           100%       N/A       2%          2
 Teleport Other           Tloc           51%        N/A       4%          3
 Iskenderun's Battlesphe  Conj           64%        2d11      4%          5
 Fireball                 Conj/Fire      31%        3d13      5%          5
 Necrotise                Necr           88%        1d8       9%          1
 Summon Small Mammal      Summ           88%        N/A       9%          1
 Spider Form              Tmut/Pois      40%        N/A       10%         3
 Sublimation of Blood     Necr           22%        N/A       14%         2
 Manifold Assault         Tloc           51%        N/A       17%         4
 Passage of Golubria      Tloc           51%        N/A       17%         4
 Conjure Ball Lightning   Conj/Air       33%        3x3d11    17%         6
 Silence                  Hex/Air        25%        N/A       45%         5
 Ozocubu's Refrigeration  Ice            35%        4d15      54%         7
 Anguish                  Hex/Necr       11%        N/A       65%         4
 Animate Armour           Summ/Erth      44%        N/A       65%         4
 Cause Fear               Hex            11%        N/A       65%         4
 Orb of Destruction       Conj           32%        9d10      73%         7
 Simulacrum               Ice/Necr       25%        N/A       95%         6
 Storm Form               Tmut/Air       31%        N/A       99%         7
 Enfeeble                 Hex            11%        N/A       100%        7
 Lehudib's Crystal Spear  Conj/Erth      23%        10d7      100%        8


Dungeon Overview and Level Annotations

Branches:
Dungeon (14/15)            Temple (1/1) D:4            Lair (5/5) D:10
 Shoals (0/4) Lair:2       Spider (0/4) Lair:3        Slime (0/5) Lair:5
    Orc (2/2) D:9             Elf (0/3) Orc:2        Vaults (0/5) D:13
 Bailey (visited)           IceCv (visited)

Altars:
Ashenzari
Cheibriados
Dithmenos
Elyvilon
Fedhas
Gozag
Hepliaklqana
Kikubaaqudgha
Makhleb
Nemelex Xobeh
Okawaru
Qazlal
Ru
Sif Muna
Trog
Uskayaw
Vehumet
Wu Jian
Xom
Yredelemnul
Zin
The Shining One

Shops:
D:6 ?   Orc:2 [(*?

Annotations:
D:9 6 transporters
D:11 2 runed translucent doors
Lair:2 2 transporters
Lair:3 Rupert
Lair:4 3 runed translucent doors, howech's ghost, journeyman MiGl


Innate Abilities, Weirdness & Mutations

You have razor-sharp teeth.
Your natural rate of healing is unusually fast.
When hurt, damage is shared between your health and your magic reserves.
Your bite disrupts and absorbs the magic of your enemies.
Potions cannot restore your health.


Message History

You completely miss the meliai. You bite the meliai! You drain its power.
You feel invigorated.
The meliai is almost dead.
The wall freezes the meliai.
The meliai mumbles some strange prayers to its god against you.
Something smites you!
The wall freezes the meliai.
You feel a bit better.
You kill the meliai!
Vehumet accepts your kill.
You feel your power returning.
You puncture the meliai!
You feel a bit better.
You kill the meliai!
Vehumet accepts your kill.
The fire dragon is frozen!
The wall freezes the fire dragon.
Casting: Ozocubu's Armour (safe; 1% risk of failure)
Confirm with . or Enter, or press ? or * to list all spells.
You feel a surge of power!
Your icy armour and frozen ramparts will break if you move.
Continue?
You blink.
Your icy armour cracks and falls away as you move.
The frozen ramparts melt away as you move.
Casting: Blink (safe; 2% risk of failure)
Confirm with . or Enter, or press ? or * to list all spells.
Aiming: Freezing Cloud (dangerous; 3% risk of failure)
Press: ? - help, Dir - move target
Okay, then.
Casting: Freezing Cloud (dangerous; 3% risk of failure)
Confirm with . or Enter, or press ? or * to list all spells.
Aiming: Freezing Cloud (dangerous; 3% risk of failure)
Press: ? - help, Dir - move target You feel a surge of power!
The fire dragon is engulfed in freezing vapours.
The fire dragon is engulfed in freezing vapours.
Casting: Freezing Cloud (dangerous; 3% risk of failure)
Confirm with . or Enter, or press ? or * to list all spells.
You don't have enough magic to cast this spell.
Unknown command.
The fire dragon breathes flames at you. The blast of flame hits you!!!
Ouch! That really hurt!
You die...

##..........#
#..####...........#
#.....<....[....#
#...............##
...........<......####
#..###...).##...#....
#. ##...###..##... #
##..###..##..#
#...@##..##..#
##........##.#
#.........#..#
......^.....D§§##
...#.##.....#§§§### ..
#. #.....§§.§).# #
#.....########)#
#)..........))#
.......######).#


You could see a fire dragon (catching breath).

Vanquished Creatures
  Frances (D:14)
  A stone giant (Orc:2)
  A white draconian (IceCv)
  The ghost of kmckee the Severer, a journeyman MiFi of Okawaru (Orc:2)
  Josephine (D:10)
  Erolcha (Orc:2)
  5 vault guards (D:13)
  An ogre mage (D:13)
  5 hydras
  The ghost of BigDaddyOpFi the Apostle, a novice HOFi of Beogh (D:9)
  A centaur warrior (D:13)
  A boulder beetle (Lair:1)
  10 two-headed ogres
  9 death yaks
  A tengu warrior (D:14)
  4 orc high priests (Orc:2)
  3 skysharks
  A goliath frog (Lair:5)
  3 skeletal warriors (D:11)
  A deep elf archer (D:13)
  Pikel (D:6)
  3 necromancers (Orc:1)
  5 orc knights (Orc:2)
  7 orc sorcerers
  9 ugly things
  A cyclops (D:13)
  A manticore (D:13)
  An oklob plant (D:10)
  3 elephants (Lair:1)
  2 moths of wrath (Orc:2)
  A merfolk siren (Lair:2)
  Joseph (D:7)
  4 black mambas
  2 ice statues (IceCv)
  2 gargoyles
  18 cane toads
  5 rime drakes
  6 komodo dragons
  Maggie (D:9)
  Psyche (D:10)
  An unseen horror (D:12)
  An efreet (D:13)
  10 trolls
  2 polar bears
  Grinder (D:6)
  2 tyrant leeches (Lair:5)
  6 meliai
  A hornet (D:9)
  16 blink frogs
  3 slime creatures (D:12)
  9 wraiths
  A shadow (D:10)
  2 wyverns
  A vampire (D:13)
  42 yaks
  5 spriggans (Bailey)
  A basilisk (D:10)
  An ettin skeleton (Orc:1)
  A steam dragon (Bailey)
  7 vampire mosquitoes
  Menkaure (D:6)
  A death yak simulacrum (D:12)
  2 wargs (Orc:1)
  14 water moccasins
  2 sky beasts
  2 black bears (D:5)
  An ettin simulacrum (Orc:1)
  18 orc warriors
  12 ogres
  3 centaurs
  21 wolves
  A phantom (D:5)
  A lemure (D:6)
  2 kobold brigands
  A wyvern zombie (D:6)
  16 bullfrogs
  2 two-headed ogre simulacra (D:12)
  2 scorpions (D:5)
  A gnoll sergeant (D:6)
  6 wights
  A cyclops skeleton (Orc:1)
  2 cyclops zombies (Orc:1)
  2 orc simulacra (Orc:1)
  2 lindwurm simulacra (IceCv)
  A howler monkey (D:8)
  2 vampire bats (Lair:2)
  An electric eel (Lair:5)
  6 komodo dragon simulacra (IceCv)
  5 hounds
  4 jellies
  A gnoll bouda (D:6)
  20 orc priests
  A sleepcap (D:8)
  3 iguanas
  22 orc wizards
  7 hell rats (Lair:4)
  A spriggan simulacrum (D:12)
  3 troll simulacra (D:12)
  A mummy (D:6)
  8 gnolls
  7 adders
  A naga simulacrum (D:12)
  3 orc zombies (Orc:1)
  5 acid dragon simulacra (IceCv)
  3 orc skeletons (Orc:1)
  4 shadow imps
  3 white imps
  An ufetubus (D:5)
  8 steam dragon simulacra (IceCv)
  3 dart slugs
  72 orcs
  11 endoplasms
  3 giant cockroaches
  4 goblins
  6 hobgoblins
  8 jackals
  15 kobolds
  2 quokkas (D:1)
  8 ball pythons
  13 bats
  A frilled lizard (D:1)
  4 rats
626 creatures vanquished.

Vanquished Creatures (others)
  Sonja (Orc:2)
1 creature vanquished.

Grand Total: 627 creatures vanquished

Notes
Turn   | Place    | Note
-------+----------+-------------------------------------------
     0 | D:1      | Esekla the Vine Stalker Warper began the quest for the Orb.
     0 | D:1      | Reached XP level 1. HP: 11/11 MP: 4/4
    61 | D:1      | You fall into a shaft and drop 1 floor!
   105 | D:2      | Identified the +10 dagger of Dismemberment {venom, *Noise
                  | rC+ Dex+5 Stlth+}
   105 | D:2      | Noticed an orc wizard
   106 | D:2      | Noticed an orc priest
   113 | D:2      | Reached XP level 2. HP: 14/15 MP: 6/6
   660 | D:1      | Reached XP level 3. HP: 18/18 MP: 7/7
   663 | D:1      | Learned a level 2 spell: Blink
   673 | D:1      | Learned a level 3 spell: Vhi's Electric Charge
  1155 | D:2      | Reached skill level 1 in Stealth
  1155 | D:2      | Gained mutation: Your natural rate of healing is unusually
                  | fast. [Vine Stalker growth]
  1155 | D:2      | Reached XP level 4. HP: 7/23 MP: 5/8
  1177 | D:2      | Reached skill level 1 in Armour
  1177 | D:2      | Reached skill level 1 in Air Magic
  1496 | D:2      | Reached skill level 1 in Short Blades
  1672 | D:3      | Reached XP level 5. HP: 27/27 MP: 10/10
  1872 | D:3      | Learned a level 3 spell: Frozen Ramparts
  2107 | D:4      | Found a staircase to the Ecumenical Temple.
  2116 | Temple   | Entered the Ecumenical Temple
  2176 | Temple   | Became a worshipper of Vehumet
  2250 | D:4      | Reached skill level 3 in Spellcasting
  2381 | D:4      | Reached XP level 6. HP: 32/32 MP: 11/11
  2416 | D:4      | Learned a level 1 spell: Apportation
  2797 | D:5      | Entered Level 5 of the Dungeon
  2910 | D:5      | Reached skill level 1 in Ice Magic
  2965 | D:5      | Reached XP level 7. HP: 35/35 MP: 12/12
  3033 | D:5      | Reached skill level 1 in Throwing
  3109 | D:5      | Reached * piety under Vehumet
  3109 | D:5      | Offered knowledge of Shock by Vehumet.
  3153 | D:5      | Reached skill level 1 in Shields
  3627 | D:5      | Gained mutation: You have razor-sharp teeth. [Vine Stalker
                  | growth]
  3627 | D:5      | Reached XP level 8. HP: 38/40 MP: 11/14
  3656 | D:5      | Reached skill level 5 in Stealth
  3768 | D:6      | Found Ugrur's Magic Scroll Shop.
  3776 | D:6      | Bought 2 scrolls of identify for 44 gold pieces
  3776 | D:6      | Bought a scroll of identify for 22 gold pieces
  3776 | D:6      | Bought a scroll of identify for 22 gold pieces
  3776 | D:6      | Identified 2 scrolls of acquirement
  3788 | D:6      | Found a shimmering altar of Xom.
  3791 | D:6      | Noticed Grinder
  3802 | D:6      | Killed Grinder
  3859 | D:6      | Found a transporter.
  3859 | D:6      | Found a basalt altar of Yredelemnul.
  3860 | D:6      | Noticed Menkaure
  3862 | D:6      | Found an ancient bone altar of Kikubaaqudgha.
  3965 | D:6      | Found a transporter.
  4050 | D:6      | Noticed Pikel
  4061 | D:6      | Killed Pikel
  4062 | D:6      | Reached skill level 4 in Spellcasting
  4062 | D:6      | Reached XP level 9. HP: 36/45 MP: 10/16
  4292 | D:6      | Reached ** piety under Vehumet
  4447 | D:7      | Noticed Joseph
  4454 | D:7      | Offered knowledge of Foxfire by Vehumet.
  4723 | D:7      | Found a flagged portal.
  4828 | Bailey   | Entered a bailey
  4848 | Bailey   | Reached skill level 5 in Short Blades
  4869 | Bailey   | HP: 2/45 [ogre/+0 halberd (15)]
  5012 | Bailey   | Noticed a two-headed ogre
  5097 | Bailey   | Identified the +6 sling of the Dwarven Hall {heavy, rN+
                  | Dex+3}
  5345 | Bailey   | Reached skill level 5 in Air Magic
  5454 | Bailey   | Killed a two-headed ogre
  5455 | Bailey   | Reached XP level 10. HP: 47/51 MP: 18/18
  5541 | D:7      | Reached skill level 5 in Spellcasting
  5601 | D:6      | Killed Menkaure
  5627 | D:6      | Got the Precepts of Akashic Mortification
  5718 | D:7      | Killed Joseph
  5719 | D:7      | Reached skill level 5 in Fighting
  6248 | D:7      | Identified the +0 cloak of Haqiff {Dex+2}
  6267 | D:7      | Found a shimmering blue altar of Sif Muna.
  6968 | D:8      | Offered knowledge of Volatile Blastmotes by Vehumet.
  7326 | D:9      | Found a transporter.
  7362 | D:9      | Reached skill level 5 in Ice Magic
  7376 | D:9      | Found a transporter.
  7429 | D:9      | Noticed a two-headed ogre
  7468 | D:9      | Killed a two-headed ogre
  7468 | D:9      | Reached *** piety under Vehumet
  7556 | D:9      | Found a transporter.
  7579 | D:9      | Found a staircase to the Orcish Mines.
  7617 | D:9      | Reached XP level 11. HP: 56/56 MP: 20/20
  7619 | D:9      | Offered knowledge of Sticky Flame by Vehumet.
  7626 | D:9      | Noticed a two-headed ogre
  7641 | D:9      | Killed a two-headed ogre
  7642 | D:9      | Reached skill level 6 in Spellcasting
  7706 | D:9      | Noticed Maggie
  7726 | D:9      | Killed Maggie
  7768 | D:9      | Learned a level 2 spell: Wereblood
  7795 | D:9      | Found a runed translucent door.
  7795 | D:9      | Noticed BigDaddyOpFi's ghost (novice HOFi)
  7872 | D:9      | Found a transporter.
  7932 | D:9      | Found a transporter.
  7938 | D:9      | Found a transporter.
  7954 | D:9      | Learned a level 4 spell: Sticky Flame
  8179 | D:10     | Entered Level 10 of the Dungeon
  8181 | D:10     | Noticed Josephine
  8386 | D:9      | Reached **** piety under Vehumet
  8455 | D:10     | Reached skill level 1 in Fire Magic
  8467 | D:10     | Killed Josephine
  8525 | D:10     | Reached skill level 1 in Conjurations
  8561 | D:10     | Reached skill level 1 in Transmutations
  8601 | D:10     | Offered knowledge of Freezing Cloud by Vehumet.
  8612 | D:10     | Learned a level 5 spell: Freezing Cloud
  8647 | D:10     | Noticed a two-headed ogre
  8775 | D:10     | Noticed Psyche
  8784 | D:10     | Killed Psyche
  8960 | D:10     | Found a staircase to the Lair.
  8962 | D:10     | Noticed an oklob plant
  9047 | D:10     | Killed a two-headed ogre
  9202 | D:10     | Reached XP level 12. HP: 61/61 MP: 22/22
  9558 | Lair:1   | Entered Level 1 of the Lair of Beasts
  9611 | Lair:1   | Noticed a boulder beetle
  9619 | Lair:1   | Killed a boulder beetle
  9854 | Lair:1   | Learned a level 3 spell: Ozocubu's Armour
 10135 | Lair:1   | Reached skill level 7 in Spellcasting
 10622 | Lair:2   | Noticed a death yak
 10622 | Lair:2   | Noticed a death yak
 10652 | Lair:2   | Noticed a death yak
 10652 | Lair:2   | Noticed a death yak
 10670 | Lair:2   | Killed a death yak
 10678 | Lair:2   | Killed a death yak
 10695 | Lair:2   | Killed a death yak
 10702 | Lair:2   | Killed a death yak
 10702 | Lair:2   | Reached ***** piety under Vehumet
 10719 | Lair:2   | Offered knowledge of Plasma Beam by Vehumet.
 10766 | Lair:2   | Found a transporter.
 10847 | Lair:2   | Found a transporter.
 11116 | Lair:2   | Found a staircase to the Shoals.
 11285 | Lair:3   | Noticed a five-headed hydra
 11286 | Lair:3   | Killed a five-headed hydra
 11287 | Lair:3   | Reached XP level 13. HP: 66/66 MP: 25/25
 11291 | Lair:3   | Reached skill level 8 in Spellcasting
 11316 | Lair:3   | Reached skill level 5 in Dodging
 11379 | Lair:3   | Noticed Rupert
 11763 | Lair:3   | Found a hole to the Spider Nest.
 12283 | Orc:1    | Entered Level 1 of the Orcish Mines
 12410 | Orc:1    | Reached skill level 5 in Fire Magic
 12558 | Orc:1    | Reached skill level 5 in Conjurations
 12645 | Orc:1    | Offered knowledge of Arcjolt by Vehumet.
 12885 | Orc:1    | Upgraded the game from 0.30.0-5-g1a98f26d00 to
                  | 0.30.0-10-gfe55d96785
 12891 | Orc:1    | Learned a level 5 spell: Arcjolt
 12997 | D:9      | Killed BigDaddyOpFi's ghost
 13166 | Lair:4   | Found a runed translucent gate.
 13169 | Lair:4   | Found a runed translucent gate.
 13169 | Lair:4   | Found a runed translucent gate.
 13172 | Lair:4   | Noticed a minotaur
 13189 | Lair:4   | Noticed howech's ghost (journeyman MiGl)
 13484 | Lair:4   | You fall into a shaft and drop 1 floor!
 13484 | Lair:5   | Entered Level 5 of the Lair of Beasts
 13522 | Lair:5   | Found a staircase to the Slime Pits.
 13531 | Lair:5   | Reached skill level 9 in Spellcasting
 13697 | Lair:5   | Reached XP level 14. HP: 72/72 MP: 28/28
 14300 | Lair:5   | Reached skill level 5 in Shields
 14876 | Lair:5   | Reached skill level 10 in Spellcasting
 15318 | Orc:2    | Entered Level 2 of the Orcish Mines
 15318 | Orc:2    | Noticed Sonja
 15336 | Orc:2    | Killed Sonja
 15474 | Orc:2    | Offered knowledge of Spellforged Servitor by Vehumet.
 15822 | Orc:2    | Noticed a stone giant
 15822 | Orc:2    | Noticed kmckee's ghost (journeyman MiFi)
 16340 | Orc:2    | Noticed Erolcha
 16341 | Orc:2    | Found a bloodstained altar of Trog.
 16351 | Orc:2    | Killed Erolcha
 16375 | Orc:2    | Found a transporter.
 16436 | Orc:2    | Found a staircase to the Elven Halls.
 16480 | Orc:2    | Found a transporter.
 16716 | Orc:2    | Found Kawuta's Armour Emporium.
 16788 | Orc:2    | Reached skill level 10 in Short Blades
 17018 | Orc:2    | Found Kean's Antique Weapon Boutique.
 17028 | Orc:2    | Found Aleisim's General Store.
 17030 | Orc:2    | Found Tilisojoan's Magic Scroll Emporium.
 17074 | Orc:2    | Bought a scroll of identify for 20 gold pieces
 17074 | Orc:2    | Bought a scroll of identify for 20 gold pieces
 17074 | Orc:2    | Bought a scroll of identify for 20 gold pieces
 17074 | Orc:2    | Bought a scroll of identify for 20 gold pieces
 17074 | Orc:2    | Bought a scroll of identify for 20 gold pieces
 17074 | Orc:2    | Bought a scroll of acquirement for 520 gold pieces
 17232 | Orc:2    | Reached XP level 15. HP: 77/77 MP: 25/30
 17245 | Orc:2    | Killed kmckee's ghost
 17816 | D:11     | Found a large runed translucent door.
 17816 | D:11     | Found a large runed translucent door.
 18184 | D:11     | Reached skill level 11 in Spellcasting
 18385 | D:12     | Found a frozen archway.
 18689 | D:12     | Offered knowledge of Orb of Destruction by Vehumet.
 19034 | IceCv    | Entered an ice cave
 19809 | IceCv    | Identified the ring "Piebbuirphi" {rPois Int+6}
 19811 | IceCv    | Identified the amulet of Rinn {Reflect Dex+3 Slay+3 SH+5}
 20421 | D:13     | Reached skill level 5 in Armour
 20496 | D:13     | Found a gate to the Vaults.
 21146 | D:14     | Noticed Frances
 21149 | D:14     | Killed Frances
 21233 | D:14     | Killed from afar by a fire dragon

Illustrated notes

Levels and vault maps discovered:
D:1:      ncdulo_smallfort, layout_basic, minmay_crystal_room, corner_web_ring
D:2:      cheibrodos_pilgrimage, layout_rooms, roderic_roman_lattice
D:3:      layout_basic, corexii_shack, minivault_19
D:4:      layout_basic, minmay_temple_entry_stoned_glass,
          hangedman_abyss_or_decor_passed
D:5:      layout_basic
D:6:      layout_loops_ring, lemuel_crystal_altar, gammafunk_temple_of_torment,
          serial_shops, shop, uniq_grinder, uniq_pikel
D:7:      layout_layer_cave, mainiacjoe_overflow_alcove_2, enter_bailey_8,
          uniq_joseph
D:8:      layout_loops_corners
D:9:      layout_rooms, hiddenorc2_lemuel, hellmonk_ghost_happy_afterlife,
          serial_nicolae_subway, nicolae_sub_station_crystal,
          nicolae_sub_station_stone, nicolae_sub_station_metal, uniq_maggie
D:10:     layout_rooms, dpeg_oklobed_lair, serial_rivers,
          chequers_serial_rivers_small_3, chequers_serial_rivers_micro_e,
          chequers_serial_rivers_large_a, chequers_serial_rivers_micro_d,
          chequers_serial_rivers_small_a, uniq_psyche, uniq_josephine
D:11:     layout_loops_ring, lightli_elemental_guards
D:12:     layout_small_grid, portal_ice_cave_entry_ice_simulacra
D:13:     layout_roguey, grunt_vaults_entry_fortified, hangedman_glass_teeth
D:14:     layout_layer_cave, minmay_misc_feat_more_columns, grunt_ministairs_6,
          uniq_lodul, uniq_agnes, uniq_frances
Temple:   compressed_dpeg_circular_temple
Lair:1:   layout_hall_layers, grunt_megastairs_3
Lair:2:   gammafunk_cloud_chamber, layout_cave_shapes,
          minmay_shoals_entry_lonely_mermaid, roderic_batcave
Lair:3:   layout_chaotic_city, spider_nest_entry_web_field, grunt_megastairs_2,
          uniq_rupert
Lair:4:   layout_small_grid, maelrawn_ghost_gauntlet_escape, minmay_holes,
          serial_bayou_shore_b, lemuel_fruit_tree
Lair:5:   minmay_lair_end_frog_pond, layout_cave_pods,
          nicolae_slime_entry_field_trip, st_stairs_12
Orc:1:    dreamdust_under_siege, layout_caves
Orc:2:    st_orc_elflike, layout_caves, gammafunk_ghost_wrathful_warriors,
          kennysheep_orc_chapel, uniq_sonja, uniq_erolcha

Skill      XL: |  1  2  3  4  5  6  7  8  9 10 11 12 13 14 15 |
---------------+----------------------------------------------+-----
Long Blades    | 2 |  2.4
Fighting       | 2 3 4 5 6 7 8 9 |  9.0
Stealth        | 1 2 4 5 6 7 8 9 |  9.4
Armour         | 1 2 4 5 |  5.2
Air Magic      | 1 2 3 5 6 7 |  7.9
Short Blades   | 1 2 3 4 6 8 9 10 | 10.4
Dodging        | 2 3 4 5 6 |  6.0
Spellcasting   | 3 4 5 6 7 9 10 11 | 11.7
Ice Magic      | 1 2 4 5 6 7 8 |  8.1
Throwing       | 1 2 3 4 |  4.2
Shields        | 1 2 3 4 5 6 |  6.2
Fire Magic     | 2 4 5 6 |  6.2
Conjurations   | 2 4 5 6 |  6.6
Transmutations | 1 3 4 |  4.9
Translocations | 4 |  4.1

Action                     |  1- 3 |  4- 6 |  7- 9 | 10-12 | 13-15 || total
---------------------------+-------+-------+-------+-------+-------++-------
  Melee: Falchion          |    10 |       |       |       |       ||    10
         Bite              |    12 |    23 |    45 |   214 |   388 ||   682
         Dagger            |    49 |   105 |   163 |   547 |   818 ||  1682
         Punch             |     1 |       |     3 |     9 |    18 ||    31
         Spear             |       |       |       |       |    15 ||    15
  Throw: Boomerang         |       |     1 |       |     2 |   166 ||   169
         Javelin           |       |       |     5 |    13 |     7 ||    25
         Dart              |       |       |       |    14 |    35 ||    49
   Cast: Apportation       |       |     6 |       |     1 |    24 ||    31
         Frozen Ramparts   |       |       |     3 |    21 |    69 ||    93
         Vhi's Electric Ch |       |       |     1 |     1 |       ||     2
         Blink             |       |       |     2 |     6 |     3 ||    11
         Wereblood         |       |       |       |     9 |    39 ||    48
         Ozocubu's Armour  |       |       |       |     3 |    61 ||    64
         Sticky Flame      |       |       |       |     1 |    18 ||    19
         Freezing Cloud    |       |       |       |       |    40 ||    40
         Arcjolt           |       |       |       |       |     2 ||     2
    Use: Scroll            |       |     5 |    13 |     4 |    15 ||    37
         Potion            |       |       |       |       |     4 ||     4
   Stab: Sleeping          |     6 |    13 |     8 |    14 |    16 ||    57
         Distracted        |       |     1 |     1 |     1 |     3 ||     6
 Armour: Leather armour    |    12 |     4 |       |       |       ||    16
         Robe              |       |    18 |    23 |    58 |    70 ||   169
         Troll leather arm |       |       |       |       |    64 ||    64
  Dodge: Dodged            |    24 |    45 |    60 |   214 |   299 ||   642
  Block: Other             |    11 |    19 |    34 |    96 |    98 ||   258
         Reflection        |       |     2 |       |       |    10 ||    12
         Kite shield       |       |       |       |       |    65 ||    65
